 Dungeon Crawl Stone Soup version 0.22-a0-614-g34fbaa0 (webtiles) character file.

49 royokou the Conjurer (level 3, -1/19 HPs)
             Began as a Deep Elf Conjurer on July 17, 2018.
             Slain by a black bear (5 damage)
             ... on level 2 of the Dungeon.
             The game lasted 00:06:40 (1208 turns).

royokou the Conjurer (Deep Elf Conjurer)            Turns: 1208, Time: 00:06:41

Health: -1/19      AC:  3    Str:  5    XL:     3   Next: 51%
Magic:  3/10       EV: 13    Int: 20    God:
Gold:   145        SH:  0    Dex: 15    Spells: 3/9 levels left

rFire    . . .     SeeInvis .   l - +0 whip
rCold    . . .     Gourm    .   (no shield)
rNeg     . . .     Faith    .   a - +0 robe
rPois    .         Spirit   .   (no helmet)
rElec    .         Reflect  .   b - +0 cloak
rCorr    .         Harm     .   (no gloves)
MR       .....                  (no boots)
Stlth    ++........             (no amulet)
HPRegen  0.06/turn              (no ring)
MPRegen  0.12/turn              (no ring)

@: very slightly contaminated
A: no striking features
a: no special abilities


You were on level 2 of the Dungeon.
You were not hungry.

You visited 1 branch of the dungeon, and saw 2 of its levels.

You collected 145 gold pieces.

Inventory:

Hand Weapons
 g - a +0 dagger
 l - a +0 whip (weapon)
Armour
 a - a +0 robe (worn)
 b - a +0 cloak (worn)
Jewellery
 j - a +5 ring of intelligence {unknown}
Scrolls
 d - a scroll of fear {unknown}
 h - 2 scrolls of enchant weapon {unknown}
 i - a scroll of immolation {unknown}
 m - a scroll of magic mapping {unknown}
Potions
 e - a potion of cancellation {unknown}
 f - a potion of mutation {unknown}
 k - a potion of lignification {unknown}
 n - a potion of degeneration {unknown}
 o - 2 potions of curing {unknown}
Comestibles
 c - 3 rations


   Skills:
 - Level 2.4 Dodging
 - Level 2.4 Stealth
 + Level 3.8 Spellcasting
 * Level 5.3 Conjurations
 + Level 0.7 Hexes


You had 3 spell levels left.
You knew the following spells:

 Your Spells              Type           Power        Failure   Level  Hunger
a - Magic Dart            Conj           ####         1%          1    None
b - Searing Ray           Conj           ####..       2%          2    ##.....
c - Dazzling Spray        Conj/Hex       ###...       11%         3    ###....

Your spell library contained the following spells:

 Spells                   Type           Power        Failure   Level  Hunger
 Iskenderun's Mystic Bla  Conj           ####....     14%         4    ####...
 Fulminant Prism          Conj/Hex       ###.......   36%         4    ####...
 Force Lance              Conj/Tloc      ##......     41%         4    ####...


Dungeon Overview and Level Annotations

Branches:
Dungeon (2/15)

Altars:


Message History

Press: ? - help, Shift-Dir - straight line, f/p - black bear
Aim: a black bear (lightly wounded)
The searing ray hits the black bear.
The black bear is moderately wounded. (Press . to maintain the ray.)
The searing ray hits the black bear.
The black bear is heavily wounded.
The searing ray misses the black bear.
The black bear bites you. The black bear closely misses you.
The black bear misses you.
The searing ray hits the black bear.
The black bear is severely wounded.
You finish channeling your searing ray.
The black bear goes berserk!
The black bear bites you.
The black bear claws you but does no damage.
The black bear closely misses you. The black bear bites you!
Ouch! That really hurt!
* * * LOW HITPOINT WARNING * * *
The black bear closely misses you. The black bear claws you.
You die...

###.........>#.##.............
#...........<.#.##.........##..
###.............##.........##.#
##...........................
###......#.##...............
#####..#.................#
#..####...............
#.....#............... .
#...h@................ ...
#.....#.<####.........
...>.##......#.###.........#
.............#........#.....
.....###...........##.......
......##...........##.......
... #.......................
#####..#...#...........#.##
......##..................#


You could see a black bear (berserk).

Vanquished Creatures
  An adder (D:2)
  A dart slug (D:1)
  2 leopard geckos (D:1)
  A ball python (D:2)
  A giant cockroach (D:1)
  6 goblins
  6 hobgoblins (D:1)
  2 jackals (D:2)
  5 bats (D:1)
  A frilled lizard (D:2)
  A kobold (D:2)
  6 rats
33 creatures vanquished.

Notes
Turn   | Place    | Note
-------+----------+-------------------------------------------
     0 | D:1      | royokou the Deep Elf Conjurer began the quest for the Orb.
     0 | D:1      | Reached XP level 1. HP: 10/10 MP: 6/6
   333 | D:1      | Reached XP level 2. HP: 13/15 MP: 1/8
   337 | D:1      | Learned a level 2 spell: Searing Ray
   567 | D:1      | Reached skill level 5 in Conjurations
   814 | D:1      | Reached XP level 3. HP: 15/19 MP: 10/10
   819 | D:1      | Learned a level 3 spell: Dazzling Spray
  1198 | D:2      | Noticed a black bear
  1208 | D:2      | Slain by a black bear

Vault maps used:
D:1:      dpeg_arrival_fog, minmay_strange_pillars

Skill      XL: |  1  2 |
---------------+-------+-----
Conjurations   | 5 |  5.3
Dodging        | |  2.4
Stealth        | |  2.4
Spellcasting   | |  3.8
Hexes          | |  0.7

Action                   || total
-------------------------++-------
Melee: Club              ||     5
       Unarmed           ||     5
       Whip              ||    11
       Dagger            ||     6
 Cast: Magic Dart        ||    50
       Searing Ray       ||     3
 Stab: Sleeping          ||     3
  Eat: Chunk             ||     1
Armor: Robe              ||    19
Dodge: Dodged            ||    32

Table legend:
 A = Spawn XP
 B = Non-spawn XP
 C = Spawn XP percentage of total XP
 D = Spawn monster count
 E = Non-spawn monster count
 F = Spawn count percentage of total count
 G = Total turns spent on level
                    A         B        C        D         E        F      G
               +---------+---------+-------+---------+---------+-------+---------
         Total |       0 |      70 |   0.0 |       0 |      33 |   0.0 |  1208
               +---------+---------+-------+---------+---------+-------+---------
           D:1 |       0 |      44 |   0.0 |       0 |      24 |   0.0 |   893
           D:2 |       0 |      26 |   0.0 |       0 |       9 |   0.0 |   315
               +---------+---------+-------+---------+---------+-------+---------
